AoeStats
← Shane-Saw FR

Fortress

510082284Analyzed
4v4 RM · 2d ago on Sep 29, 2026· 59m 54s· 8 players
Game mode
Random Map
Map size
Huge
Population
200
Speed
Normal
Resources
Standard
Victory
Conquest
Starting age
Dark Age
Ending age
Imperial Age
RankedLock teamsTeams togetherTeam positionsShared explorationLock speedFull tech treeHidden civsTurbo modeCheats
Victory
Defeat
🇨🇳 Magyars · China
1314
+15
🇨🇳 Saracens · China
1282
+16
🇨🇳 Turks · China
1266
+17
🇹🇼 Huns · Taiwan
1221
+18
🇺🇸 Hindustanis · United States
1374
-21
🇦🇺 Persians · Australia
1317
-18
🇫🇷 Italians · France
1247
-15
🇹🇼 Huns · Taiwan
1177
-12
mimikyu
6:57 Feudal Age
7:53 Double-Bit Axe
11:01 Castle Age
9:57 Horse Collar
12:06 Bow Saw
12:26 Heavy Plow
19:41 Wheelbarrow
19:29 Gold Mining
20:51 Gold Shaft Mining
20:07 Stone Mining
22:18 Hand Cart
24:57 Imperial Age
22:13 Loom
22:14 Town Watch
23:18 Scale Barding Armor
23:24 Forging
25:17 Chain Barding Armor
25:33 Iron Casting
25:10 Bloodlines
25:08 Husbandry
25:25 Heavy Camel Rider
27:16 Caravan
27:12 Capped Ram
29:10 Plate Barding Armor
29:45 Blast Furnace
28:37 Light Cavalry
31:22 Siege Ram
33:53 Hussar
38:36 Fletching
38:21 Elite Mameluke
40:27 Hoardings
40:13 Conscription
ixsea
7:25 Feudal Age
11:13 Castle Age
9:25 Double-Bit Axe
9:45 Horse Collar
12:18 Bow Saw
19:48 Wheelbarrow
19:00 Loom
21:57 Hand Cart
22:19 Stone Mining
22:19 Gold Mining
22:26 Gold Mining
27:16 Imperial Age
25:29 Ballistics
25:56 Fletching
26:36 Caravan
27:56 Thumb Ring
27:57 Recurve Bow
28:17 Conscription
28:03 Husbandry
28:14 Bloodlines
28:07 Husbandry
28:49 Bodkin Arrow
28:55 Padded Archer Armor
29:41 Bracer
29:34 Heavy Cavalry Archer
30:41 Parthian Tactics
32:04 Leather Archer Armor
33:29 Ring Archer Armor
36:01 Corvinian Army
35:21 Elite Magyar Huszar
40:57 Chemistry
40:03 Siege Engineers
41:31 Scale Barding Armor
44:41 Heavy Plow
45:43 Two-Man Saw
49:00 Chain Barding Armor
48:40 Treadmill Crane
49:16 Masonry
49:30 Light Cavalry
50:48 Plate Barding Armor
51:25 Town Watch
52:19 Hoardings
51:48 Murder Holes
Speechless
8:55 Feudal Age
8:13 Loom
12:27 Castle Age
10:33 Double-Bit Axe
10:46 Horse Collar
13:40 Heavy Plow
16:44 Wheelbarrow
19:19 Gold Mining
20:41 Town Watch
21:44 Bow Saw
22:03 Bloodlines
26:01 Imperial Age
24:09 Scale Barding Armor
24:25 Bloodlines
24:18 Marauders
25:00 Gold Shaft Mining
24:16 Stone Mining
25:38 Chain Barding Armor
25:49 Hand Cart
25:55 Husbandry
26:42 Elite Tarkan
27:44 Conscription
28:45 Plate Barding Armor
28:22 Forging
28:19 Light Cavalry
30:11 Iron Casting
29:34 Pikeman
30:21 Scale Mail Armor
30:23 Squires
31:16 Hussar
32:28 Halberdier
37:04 Blast Furnace
36:21 Chain Mail Armor
39:32 Coinage
49:52 Caravan
50:24 Banking
52:13 Banking
51:56 Guilds
Clint
6:12 Feudal Age
6:39 Horse Collar
6:45 Double-Bit Axe
10:16 Town Watch
11:46 Loom
15:07 Castle Age
13:03 Gold Mining
16:00 Bow Saw
15:51 Heavy Plow
16:31 Gold Shaft Mining
22:35 Imperial Age
23:10 Padded Archer Armor
24:17 Wheelbarrow
24:08 Leather Archer Armor
25:21 Ballistics
51:28 Forging
51:23 Scale Barding Armor
53:01 Husbandry
53:12 Bloodlines
53:44 Iron Casting
53:29 Chain Barding Armor
54:45 Hand Cart
56:52 Blast Furnace
58:06 Plate Barding Armor
58:42 Two-Man Saw
N3mu
7:15 Feudal Age
10:46 Castle Age
8:58 Double-Bit Axe
9:14 Horse Collar
10:02 Gold Mining
13:20 Bow Saw
18:17 Wheelbarrow
18:09 Loom
23:34 Imperial Age
21:54 Bloodlines
21:45 Husbandry
23:06 Scale Barding Armor
24:08 Chain Barding Armor
23:52 Heavy Camel Rider
25:43 Plate Barding Armor
26:24 Forging
26:50 Conscription
26:25 Imperial Camel Rider
28:37 Iron Casting
32:13 Blast Furnace
31:04 Fletching
31:41 Grand Trunk Road
39:12 Chemistry
40:43 Bodkin Arrow
41:02 Caravan
40:47 Light Cavalry
42:23 Hussar
44:18 Hand Cart
50:53 Hoardings
50:30 Masonry
50:40 Ballistics
52:15 Siege Elephant
56:07 Coinage
姜午陽
1:13 Loom
7:55 Feudal Age
11:45 Castle Age
10:06 Horse Collar
11:32 Double-Bit Axe
12:47 Bow Saw
15:15 Heavy Plow
20:53 Wheelbarrow
20:05 Town Watch
22:25 Hand Cart
27:14 Imperial Age
26:40 Padded Archer Armor
26:31 Fletching
27:03 Ballistics
28:03 Bodkin Arrow
28:24 Leather Archer Armor
29:13 Chemistry
28:05 Heavy Cavalry Archer
29:11 Parthian Tactics
29:46 Conscription
29:59 Bracer
30:01 Pikeman
30:42 Squires
32:09 Scale Mail Armor
32:20 Forging
32:23 Masonry
33:19 Chain Mail Armor
32:46 Halberdier
33:15 Arson
36:43 Iron Casting
38:14 Cavalier
38:55 Husbandry
39:07 Bloodlines
38:18 Light Cavalry
40:09 Hussar
41:24 Paladin
45:04 Scale Barding Armor
45:59 Blast Furnace
46:31 Chain Barding Armor
46:30 Elite Skirmisher
47:18 Town Patrol
48:21 Two-Man Saw
47:12 Gold Mining
47:13 Stone Mining
51:52 Plate Barding Armor
58:13 Murder Holes
Shane-Saw FR
8:43 Feudal Age
12:38 Castle Age
11:27 Double-Bit Axe
13:57 Bow Saw
13:57 Loom
17:58 Stone Mining
21:06 Gold Mining
22:53 Pikeman
25:50 Town Watch
26:43 Wheelbarrow
27:10 Thumb Ring
29:44 Imperial Age
27:05 Town Watch
27:53 Hand Cart
28:08 Fortified Wall
28:18 Ballistics
27:21 Crossbowman
27:59 Horse Collar
29:01 Town Patrol
29:05 Padded Archer Armor
28:55 Fletching
29:16 Thumb Ring
29:24 Elite Skirmisher
32:00 Conscription
31:30 Arbalester
33:54 Chemistry
33:12 Bodkin Arrow
45:28 Bracer
48:26 Squires
53:09 Leather Archer Armor
53:08 Forging
52:59 Scale Mail Armor
55:25 Iron Casting
55:25 Ring Archer Armor
55:11 Chain Mail Armor
55:18 Caravan
Cambo
7:08 Feudal Age
8:18 Double-Bit Axe
11:06 Castle Age
9:23 Double-Bit Axe
9:45 Horse Collar
11:53 Bow Saw
20:44 Forging
23:14 Scale Barding Armor
24:48 Iron Casting
24:13 Loom
26:13 Chain Barding Armor
27:03 Wheelbarrow
31:51 Imperial Age
29:40 Bloodlines
29:31 Husbandry
30:05 Heavy Plow
29:59 Gold Mining
29:59 Stone Mining
31:12 Fletching
31:59 Gold Shaft Mining
31:28 Elite War Elephant
33:10 Blast Furnace
32:45 Plate Barding Armor
32:50 Conscription
34:34 Stone Shaft Mining
35:11 Bodkin Arrow
40:49 Two-Man Saw
49:30 Scale Mail Armor
49:59 Pikeman
50:40 Squires
50:25 Arson
52:02 Chain Mail Armor
54:49 Halberdier
57:10 Plate Mail Armor
Connection lost

Rejoining the realm…

Still unreachable

The connection could not be restored.

Session expired

The server has moved on; the page needs a fresh start.